 Dungeon Crawl Stone Soup version 0.31.0-12-g77e489cdc1 (webtiles) character file.

Game seed: 15967524200228373059

606 PriceMaster the Firebug (level 7, 0/41 HPs)
             Began as an Octopode Fire Elementalist on Feb 24, 2024.
             Succumbed to a scorpion's poison
             ... on level 5 of the Dungeon.
             The game lasted 00:09:01 (5511 turns).

PriceMaster the Firebug (OpFE)                      Turns: 5511, Time: 00:09:02

Health: 0/41       AC:  1    Str:  7    XL:     7   Next: 42%
Magic:  3/13       EV: 13    Int: 20    God:
Gold:   300        SH:  5    Dex: 12    Spells: 7/14 levels left

rFire   . . .        b - +0 dagger
rCold   . . .        (no shield)
rNeg    . . .        (helmet restricted)
rPois   .            f - amulet of reflection
rElec   .            (no ring)
rCorr   .            (no ring)
SInv    .            (no ring)
Will    .....        (no ring)
Stlth   ++++         (no ring)
HPRegen 0.26/turn    (no ring)
MPRegen 0.13/turn    (no ring)
                     (no ring)

%: reflection
@: brilliant, lethally poisoned (0 -> -4), very slightly contaminated
A: almost no armour, amphibious, 8 rings, camouflage 1, gelatinous body 1,
(nimble swimmer 1), tentacles
a: no special abilities


You were on level 5 of the Dungeon.
You visited 1 branch of the dungeon, and saw 5 of its levels.

You collected 300 gold pieces.

Inventory:

Hand Weapons
 b - a +0 dagger (weapon)
Missiles
 u - a throwing net
Magical Staves
 l - a staff of air
Jewellery
 f - an amulet of reflection (around mantle)
Wands
 o - a wand of paralysis (17)
 t - a wand of acid (7)
Scrolls
 c - 3 scrolls of teleportation {unknown}
 e - 2 scrolls of noise {unknown}
 g - 2 scrolls of revelation {unknown}
 h - a scroll of immolation {unknown}
 i - a scroll of amnesia {unknown}
 j - 4 scrolls of identify {unknown}
 k - a scroll of fog {unknown}
 q - a scroll of fear {unknown}
 s - a scroll of poison {unknown}
Potions
 d - a potion of degeneration {unknown}
 m - a potion of lignification {unknown}
 n - a potion of brilliance
 p - a potion of berserk rage {unknown}
 r - a potion of cancellation {unknown}
 v - a potion of resistance {unknown}
 w - a potion of heal wounds {unknown}


   Skills:
 + Level 0.1 Short Blades
 + Level 2.1 Dodging
 + Level 4.7 Stealth
 + Level 0.2 Shields
 + Level 4.3 Spellcasting
 + Level 2.9 Conjurations
 + Level 0.9 Hexes
 + Level 1.1 Translocations
 + Level 5.4 Fire Magic


You had 7 spell levels left.
You knew the following spells:

 Your Spells              Type           Power      Damage    Failure   Level
a - Foxfire               Conj/Fire      100%       2x1d9     2%          1
b - Inner Flame           Hex/Fire       25%        N/A       11%         3
c - Volatile Blastmotes   Fire/Tloc      52%        2d14      10%         3

Your spell library contained the following spells:

 Spells                   Type           Power      Damage    Failure   Level
 Scorch                   Fire           78%        2d8       1%          2
 Stone Arrow              Conj/Erth      30%        3d8       21%         3
 Flame Wave               Conj/Fire      31%        2d9       22%         4
 Summon Cactus Giant      Summ           3%         N/A       100%        6
 Lehudib's Crystal Spear  Conj/Erth      7%         10d3      100%        8
 Animate Armour           Summ/Erth      Unusable   N/A       N/A         4

Dungeon Overview and Level Annotations

Branches:
Dungeon (5/15)
 Temple: D:4-7

Altars:


Innate Abilities, Weirdness & Mutations

You cannot wear most types of armour.
You are amphibious.
You can wear up to eight rings at the same time.
Your skin changes colour to match your surroundings (Stealth+).
Your rubbery body absorbs attacks. (AC +1, EV +1)
((You are camouflaged when in or above water. (Stealth+)))
You have tentacles for arms and can constrict up to eight enemies at once.


Message History

The foxfire hits the scorpion but does no damage.
Casting: Foxfire (safe; 2% risk of failure)
Confirm with . or Enter, or press ? or * to list all spells.
You conjure some foxfire!
The scorpion closely misses you.
The foxfire hits the scorpion.
Flame seeps out of the scorpion.
The scorpion is lightly wounded.
The foxfire hits the scorpion.
Flame seeps out of the scorpion.
The scorpion is lightly wounded.
The scorpion is engulfed in blazing flames.
Flame seeps out of the scorpion.
The scorpion attacks as it pursues you! The scorpion stings you!
The orc throws a boomerang.
You block the boomerang with an invisible shield... and reflect it back!
The boomerang misses the orc.
The scorpion completely misses you.
Casting: Foxfire (safe; 2% risk of failure)
Confirm with . or Enter, or press ? or * to list all spells.
You conjure some foxfire!
The scorpion stings you.
* * * LOW HITPOINT WARNING * * *
You are poisoned.
The scorpion poisons you! The scorpion stings you.
* * * LOW HITPOINT WARNING * * *
The orc throws a boomerang.
The boomerang hits you.
* * * LOW HITPOINT WARNING * * *
Casting: Foxfire (safe; 2% risk of failure)
Confirm with . or Enter, or press ? or * to list all spells.
Okay, then.
* * * LOW HITPOINT WARNING * * *
You feel sick.
The foxfire hits the scorpion but does no damage.
The scorpion is almost dead.
The foxfire hits the scorpion but does no damage.
The scorpion is almost dead.
The scorpion attacks as it pursues you! The scorpion stings you.
* * * LOW HITPOINT WARNING * * *
Casting: Foxfire (safe; 2% risk of failure)
Confirm with . or Enter, or press ? or * to list all spells.
Okay, then.
It was a potion of brilliance.
You feel clever all of a sudden.
You die...

.. .# .......#
#.##..#
##.##..##
#.......#
#.).....# ##
#<.##..#
###.###..##§.#
#....☼.)○.s@.+
#....☼..o....#
##..##...#####
## #.?.#
......#
........#
.........#
.........+
##########


You could see a scorpion (inner flame) and an orc.

Vanquished Creatures
  A sky beast (D:4)
  An ogre (D:4)
  A howler monkey (D:4)
  A jelly (D:4)
  2 bombardier beetles (D:4)
  3 hounds (D:4)
  A gnoll bouda (D:4)
  4 gnolls (D:4)
  5 adders
  2 dart slugs
  2 ribbon worms
  2 orcs (D:5)
  8 bats
  9 endoplasms
  3 giant cockroaches
  2 goblins (D:1)
  7 hobgoblins
  3 jackals (D:3)
  3 quokkas
  11 ball pythons
  5 frilled lizards
  8 kobolds
  6 rats
90 creatures vanquished.

Vanquished Creatures (others)
  202 foxfires
202 creatures vanquished.

Grand Total: 292 creatures vanquished

Notes
Turn   | Place    | Note
-------+----------+-------------------------------------------
     0 | D:1      | PriceMaster the Octopode Fire Elementalist began the quest
                  | for the Orb.
     0 | D:1      | Reached XP level 1. HP: 11/11 MP: 3/3
   301 | D:1      | Reached XP level 2. HP: 17/17 MP: 0/5
   663 | D:1      | Reached XP level 3. HP: 19/21 MP: 0/6
   667 | D:1      | Learned a level 3 spell: Inner Flame
  2184 | D:3      | Reached XP level 4. HP: 24/27 MP: 2/8
  2191 | D:3      | Learned a level 3 spell: Volatile Blastmotes
  3535 | D:4      | Reached skill level 4 in Fire Magic
  3577 | D:4      | Reached XP level 5. HP: 31/31 MP: 2/9
  3687 | D:4      | Noticed a sky beast
  3693 | D:4      | Killed a sky beast
  3694 | D:4      | Reached skill level 1 in Translocations
  3694 | D:4      | Reached XP level 6. HP: 34/36 MP: 2/11
  4439 | D:4      | Reached XP level 7. HP: 40/41 MP: 13/13
  4509 | D:4      | Reached skill level 5 in Fire Magic
  5304 | D:4      | Found the +1 Delatra's gloves {ID++}
  5487 | D:5      | Entered Level 5 of the Dungeon
  5510 | D:5      | HP: 1/41 [scorpion (4)]
  5511 | D:5      | Succumbed to a scorpion's poison

Illustrated notes

Levels and vault maps discovered:
D:1:      orjb1_lava_funnel, layout_basic, hangedman_feature_mirror, hex_medium
D:2:      layout_basic, grunt_decor_clamped, minmay_tetromino_o2
D:3:      layout_basic
D:4:      layout_basic, kennysheep_another_room
D:5:      layout_gridville, nicolae_overflow_crystal_walls

Skill      XL: |  1  2  3  4  5  6  7 |
---------------+----------------------+-----
Stealth        | 3 4 |  4.7
Spellcasting   | 3 4 |  4.3
Fire Magic     | 4 5 |  5.4
Conjurations   | 2 |  2.9
Translocations | 1 |  1.1
Short Blades   | |  0.1
Dodging        | |  2.1
Shields        | |  0.2
Hexes          | |  0.9

Action                     |  1- 3 |  4- 6 |  7- 9 || total
---------------------------+-------+-------+-------++-------
  Melee: Dagger            |    32 |    20 |     3 ||    55
         Tentacles         |     4 |     5 |       ||     9
         Constrict         |     6 |     5 |       ||    11
         Punch             |       |     2 |       ||     2
   Cast: Foxfire           |    72 |    30 |    17 ||   119
         Inner Flame       |     1 |     9 |    11 ||    21
         Volatile Blastmot |       |     8 |     6 ||    14
  Evoke: Wand              |       |     1 |       ||     1
    Use: Potion            |       |       |     3 ||     3
   Stab: Sleeping          |     1 |     5 |     2 ||     8
         Paralysed         |       |     2 |       ||     2
 Armour: Skin              |    20 |    11 |    13 ||    44
  Dodge: Dodged            |    15 |    12 |    20 ||    47
  Block: Other             |    10 |     3 |     4 ||    17
         Reflection        |     2 |       |     2 ||     4
